Map: Catallena LE (Void)

Players

AqueroN

  • Race: Terran Terran
  • League: Master
  • Spawn Location: 12:00

HeroMarine - Winner!

  • Race: Terran Terran
  • League: Master
  • Spawn Location: 5:00

VOD

Have the link to the VOD?

Description

Time

  • Played on: July 26, 2017, 2:22 p.m.
  • Length: 9:44
Show
View Real Time Build Order
Export as new Build Order

AqueroN Terran 

Build Orders: 1/1/1, Cyclone Opening, MMM Bio 

Get SALT Encoding   

  12  0:00  SCV  
  13  0:12  SCV  
  14  0:19  Supply Depot  
  14  0:24  SCV  
  15  0:30  Refinery  
  15  0:40  SCV  
  16  0:45  Barracks  
  16  0:52  SCV  
  16  0:56  Refinery  
  17  1:04  SCV  
  18  1:16  SCV  
  19  1:31  Orbital Command  
  19  1:34  Factory  
  19  1:40  Reaper  
  20  1:50  Supply Depot  
  20  1:57  SCV  
  21  2:09  SCV  
  21  2:12  Reaper  
  23  2:19  Cyclone  
  26  2:25  Starport  
  26  2:28  SCV  
  27  2:35  Supply Depot  
  27  2:40  SCV  
  28  2:44  Reaper  
  29  2:52  SCV  
  29  2:57  Cyclone  
  33  3:06  Supply Depot, SCV  
  33  3:08  Medivac  
  36  3:18  SCV  
  36  3:19  Barracks Reactor  
  37  3:30  Factory Tech Lab  
  37  3:42  Command Center  
  37  3:45  SCV  
  38  3:50  Supply Depot  
  38  3:59  Raven, Marine x2  
  38  4:01  SCV  
  42  4:13  SCV  
  41  4:24  Marine x2  
  41  4:25  SCV  
  44  4:37  SCV  
  45  4:42  Barracks, Marine x2  
  45  4:43  Barracks  
  44  4:49  SCV  
  45  4:56  Orbital Command  
  42  5:00  Marine x2  
  42  5:01  SCV  
  42  5:03  Factory Tech Lab  
  42  5:04  Raven  
  47  5:14  SCV  
  48  5:16  Engineering Bay  
  48  5:21  Refinery  
  48  5:23  SCV  
  48  5:26  Siege Tank, SCV  
  53  5:31  Barracks Tech Lab  
  53  5:32  Barracks Tech Lab  
  53  5:34  Marine x2  
  55  5:43  Terran Infantry Weapons Level 1, SCV x2  
  55  5:48  Supply Depot  
  57  5:53  Stimpack  
  57  5:55  SCV x2  
  57  5:56  Marine x3  
  57  5:57  Refinery, Marine  
  63  6:04  Combat Shields  
  63  6:05  Barracks  
  63  6:08  SCV x2  
  65  6:13  Barracks  
  65  6:18  Marine  
  65  6:19  Marine  
  65  6:20  SCV x2  
  69  6:32  Marine x2  
  67  6:34  Starport Reactor, SCV  
  67  6:35  SCV  
  70  6:41  Supply Depot  
  70  6:42  Supply Depot, Siege Tank  
  70  6:46  Marine x2  
  74  6:49  SCV x2  
  74  6:50  Marine  
  78  6:54  Barracks Reactor  
  78  6:55  Supply Depot  
  78  7:02  Marine  
  78  7:03  SCV x2  
  81  7:09  Marine x2  
  81  7:10  Barracks Reactor  
  81  7:13  Medivac x2  
  81  7:15  SCV  
  88  7:16  Supply Depot  
  88  7:22  Marine x2  
  90  7:24  Siege Tank  
  90  7:27  Marine x2  
  95  7:31  Marine x2  
  95  7:32  SCV x2  
  99  7:38  Supply Depot x2  
  99  7:39  Marine  
  99  7:40  Marine  
  99  7:44  Medivac x2  
  105  7:45  Marine x2  
  105  7:48  Marine x2  
  109  7:54  Supply Depot, Marine  
  109  7:57  Supply Depot  
  110  7:59  Siege Tank, Marine  
  110  8:00  Supply Depot  
  110  8:03  Marine x2  
  110  8:05  Marine  
  117  8:14  Marine x4  
  117  8:17  Medivac x2  
  125  8:20  Marine  
  125  8:22  Marine  
  125  8:24  Marine x2  
  129  8:33  Marine x4  
  133  8:39  Marine  
  133  8:40  Marine  
  135  8:41  Marine  
  135  8:44  Marine  
  137  8:49  Siege Tank  
  137  8:51  Marine x3  
  137  8:53  Marine  
  144  8:55  Supply Depot  
  144  8:57  Supply Depot  
  144  8:58  Supply Depot, Marine x2  
  144  9:02  Marine x2  
  147  9:08  Marine  
  147  9:09  Marine  
  150  9:14  Marine  
  150  9:15  Marine  
  150  9:16  Marine x2  
  147  9:20  Marine x2  
  104  9:26  Marine  
Show
View Real Time Build Order
Export as new Build Order

HeroMarine Terran - Winner!

Build Orders: 1/1/1, Cyclone Opening 

Get SALT Encoding   

  12  0:00  SCV  
  13  0:12  SCV  
  14  0:17  Supply Depot  
  14  0:24  SCV  
  15  0:29  Refinery  
  15  0:39  SCV  
  16  0:44  Barracks  
  16  0:51  SCV  
  17  0:58  Refinery  
  17  1:03  SCV  
  18  1:15  SCV  
  19  1:30  Orbital Command  
  19  1:33  Factory  
  19  1:36  Reaper  
  20  1:44  Supply Depot  
  20  1:56  SCV  
  21  2:08  SCV, Reaper  
  23  2:17  Starport  
  23  2:19  Hellion  
  23  2:20  SCV  
  26  2:25  Supply Depot  
  26  2:33  SCV  
  27  2:40  Cyclone  
  30  2:44  Barracks Tech Lab  
  30  2:45  SCV  
  31  2:57  SCV  
  32  3:05  Raven  
  32  3:09  SCV  
  35  3:18  Command Center  
  35  3:26  Cyclone  
  39  3:30  Supply Depot  
  39  3:31  SCV  
  39  3:34  Barracks Reactor  
  39  3:45  Supply Depot  
  39  3:51  Viking, SCV  
  42  3:59  Factory Tech Lab  
  42  4:03  SCV  
  42  4:06  Refinery  
  41  4:15  SCV  
  40  4:19  Siege Tank  
  40  4:24  Marine x2  
  40  4:28  SCV  
  38  4:40  SCV  
  38  4:42  Marine x2  
  41  4:52  SCV  
  39  4:55  Viking  
  39  4:57  Orbital Command  
  41  5:00  Marine  
  41  5:01  Marine  
  41  5:04  SCV  
  44  5:12  Siege Tank  
  47  5:16  SCV  
  47  5:18  Marine x2  
  50  5:24  SCV  
  52  5:28  SCV  
  52  5:35  Command Center  
  52  5:38  SCV  
  52  5:40  Raven, SCV  
  56  5:45  Marine x2  
  58  5:50  SCV  
  58  5:52  SCV  
  58  5:54  Siege Tank, Refinery  
  63  6:02  SCV  
  64  6:04  Supply Depot, SCV  
  64  6:10  Barracks  
  65  6:11  Barracks  
  65  6:15  SCV  
  65  6:16  SCV  
  65  6:27  SCV  
  65  6:29  SCV  
  65  6:40  SCV  
  65  6:41  SCV  
  65  6:44  Viking x2  
  65  6:46  Orbital Command  
  71  6:52  SCV  
  71  6:53  SCV, Engineering Bay  
  73  6:54  Engineering Bay  
  73  6:57  Stimpack  
  73  6:58  Barracks Reactor  
  73  6:59  Barracks Reactor  
  73  7:02  Siege Tank  
  73  7:04  SCV  
  73  7:05  SCV  
  78  7:11  Marine  
  78  7:14  SCV  
  80  7:16  SCV  
  80  7:17  SCV  
  82  7:23  Viking x2  
  82  7:29  SCV  
  89  7:32  Terran Infantry Weapons Level 1  
  87  7:37  Supply Depot x2  
  87  7:38  Marine x2  
  87  7:39  Marine x3  
  92  7:47  Barracks  
  92  7:50  Barracks  
  92  7:56  Marine  
  93  7:58  Medivac x2, Siege Tank, Marine  
  93  8:00  Supply Depot  
  93  8:02  Supply Depot  
  101  8:06  Marine x3  
  104  8:14  Marine  
  104  8:16  Marine  
  106  8:20  Supply Depot  
  106  8:24  Supply Depot, Marine x3  
  109  8:28  Missile Turret  
  109  8:29  Medivac  
  109  8:32  Medivac, Marine  
  115  8:34  Marine  
  115  8:35  Barracks Reactor  
  115  8:38  Barracks Reactor  
  115  8:41  Siege Tank  
  118  8:42  Marine x3  
  121  8:49  Marine  
  121  8:51  Supply Depot  
  121  8:52  Marine  
  121  8:54  Armory  
  123  8:56  Orbital Command  
  123  8:59  Marine  
  123  9:00  Marine  
  123  9:01  Marine  
  126  9:04  SCV x2  
  126  9:07  Marine  
  126  9:09  Marine  
  129  9:16  SCV x2  
  123  9:17  Marine x2  
  123  9:18  Marine x2  
  123  9:19  Marine  
  123  9:23  SCV  
  102  9:24  Marine x2  
  102  9:25  Marine  
  102  9:28  SCV  
Tags
 
Add a new tag
Caveats
  • Supply blocks, unpowered buildings, or Contaminate may cause inaccurate times.
  • Supply counts are checked every 10 seconds.